 Dungeon Crawl Stone Soup version 0.17-a0-1951-g62301d3 (webtiles) character file.

70 gp7 the Skirmisher (level 4, -12/41 HPs)
             Began as a Draconian Berserker on Oct 3, 2015.
             Was a Believer of Trog.
             Mangled by a gnoll
             ... wielding a +0 halberd
              (14 damage)
             ... on level 3 of the Dungeon.
             The game lasted 00:06:26 (1352 turns).

gp7 the Skirmisher (Draconian Berserker)            Turns: 1352, Time: 00:06:26

Health: -12/41     AC:  7    Str: 20    XL:     4   Next: 3%
Magic:  4/4        EV: 13    Int:  7    God:    Trog [**....]
Gold:   112        SH:  0    Dex: 11    Spells: 0 memorised, 3 levels left

rFire  . . .     SeeInvis .     a - +0 falchion
rCold  . . .     Clarity  .     (armour unavailable)
rNeg   . . .     SustAt   .     (no shield)
rPois  .         Gourm    .     (helmet restricted)
rElec  .         Spirit   .     (no cloak)
rCorr  +         Warding  .     n - +1 pair of gloves
rMut   .         Stasis   .     (no boots)
MR     .....                    l - amulet of resist corrosion
Stlth  +.........               (no ring)
                                (no ring)

@: not resistant to hostile enchantments, very unstealthy
A: unfitting armour, cold-blooded, AC +5
a: Burn Spellbooks, Berserk, Trog's Hand, Renounce Religion


You were on level 3 of the Dungeon.
You worshipped Trog.
Trog was pleased with you.
You were hungry.

You visited 1 branch of the dungeon, and saw 3 of its levels.

You collected 112 gold pieces.

Inventory:

Hand weapons
 a - a +0 falchion (weapon)
Missiles
 d - 24 sling bullets
 e - 2 javelins (quivered)
Armour
 n - a +1 pair of gloves (worn)
Jewellery
 l - an amulet of resist corrosion (around neck)
Scrolls
 c - a scroll of enchant armour
 i - a scroll of fear {unknown}
 o - a scroll of magic mapping {unknown}
 p - a scroll of recharging {unknown}
Potions
 j - a potion of might
 m - a potion of beneficial mutation {unknown}
Comestibles
 b - 5 bread rations
 g - a slice of pizza
 h - 3 fruits
 k - 3 chunks of flesh


   Skills:
 * Level 4.4 Fighting
 + Level 3.6 Long Blades
 + Level 3.2 Dodging


You had 3 spell levels left.
You didn't know any spells.

Dungeon Overview and Level Annotations

Branches:
Dungeon (3/15)

Altars:


Innate Abilities, Weirdness & Mutations

Your plain brown scales are hard (AC +5).
Your body does not fit into most forms of armour.
You are cold-blooded and may be slowed by cold attacks.


Message History

The gnoll closely misses you.
The gnoll hits you from afar with a halberd.
* * * LOW HITPOINT WARNING * * *
You are too injured to fight recklessly!
You are too injured to fight recklessly!
Read which item? (? for menu, Esc to quit)
As you read the scroll labeled SILILU EHISO, it crumbles to dust.
It is a scroll of enchant armour.
Enchant which item? (? for menu, Esc to quit)
Your +0 pair of gloves glows green for a moment.
The gnoll hits you with a halberd.
* * * LOW HITPOINT WARNING * * *
You hit the gnoll but do no damage. You tail-slap the gnoll.
The gnoll is moderately wounded.
The gnoll misses you. The gnoll hits you with a halberd.
* * * LOW HITPOINT WARNING * * *
You hit the gnoll but do no damage. You tail-slap the gnoll.
The gnoll is severely wounded.
The gnoll completely misses you. The gnoll hits you with a halberd!
You die...

# #. .# . #. .
####.### ..
#......# ... #
#.#.# .... #.
#.#@# .....
#.##.#g##......
#.....g..g...((
#.#..#(##.#####
#......# #
###### #.#....#
# .....#
#.#..#.##.#
####.#
#.......#.#
####.####
#.#.......#


You could see 2 gnolls.

Vanquished Creatures
  2 gnolls
  2 adders (D:2)
  6 hobgoblins
  6 kobolds
  7 bats
  A giant cockroach (D:3)
  A giant gecko (D:1)
  4 giant newts
  2 goblins
  4 rats
35 creatures vanquished.

Notes
Turn   | Place    | Note
--------------------------------------------------------------
     0 | D:1      | gp7 the Draconian Berserker began the quest for the Orb.
     0 | D:1      | Reached XP level 1. HP: 19/19 MP: 1/1
   351 | D:1      | Reached XP level 2. HP: 22/27 MP: 2/2
   855 | D:2      | Reached skill level 4 in Fighting
   855 | D:2      | Reached XP level 3. HP: 25/33 MP: 3/3
  1064 | D:2      | Acquired Trog's second power
  1259 | D:2      | You fall through a shaft!
  1347 | D:3      | Reached XP level 4. HP: 13/41 MP: 4/4
  1351 | D:3      | HP: 2/41 [gnoll/halberd (6)]
  1352 | D:3      | Mangled by a gnoll

Vault maps used:
D:1:      dpeg_arrival_pits
D:2:      lightli_temple_of_fire
D:3:      uniq_terence

Action                   |  1- 3 |  4- 6 || total
-------------------------+-------+-------++-------
Melee: Falchion          |   115 |     2 ||   117
Throw: Javelin           |     5 |       ||     5
  Use: Potion            |     2 |       ||     2
       Scroll            |       |     1 ||     1
 Stab: Sleeping          |     2 |       ||     2
  Eat: Chunk             |     1 |       ||     1
